 Dungeon Crawl Stone Soup version 0.17.1-1-g73c8601 (webtiles) character file.

268 Implojin the Chopper (level 6, -8/76 HPs)
             Began as a Minotaur Berserker on Apr 9, 2016.
             Was a Follower of Trog.
             Mangled by an orc warrior
             ... wielding a +0 broad axe
              (20 damage)
             ... on level 9 of the Dungeon.
             The game lasted 00:04:12 (610 turns).

Implojin the Chopper (Minotaur Berserker)            Turns: 610, Time: 00:04:12

Health: -8/76      AC:  7    Str: 27    XL:     6   Next: 1%
Magic:  5/5        EV: 11    Int:  6    God:    Trog [*.....]
Gold:   55         SH:  0    Dex: 11    Spells: 0 memorised, 5 levels left

rFire  . . .     SeeInvis .     m - +9 long sword "Beastslayer" {slice, rPois Int+2 Stlth+}
rCold  + . .     Clarity  .     n - +1 ring mail {rC+}
rNeg   . . .     SustAt   .     (no shield)
rPois  +         Gourm    .     (helmet restricted)
rElec  .         Spirit   .     (no cloak)
rCorr  .         Warding  .     g - +0 pair of gloves
rMut   .         Stasis   .     (no boots)
MR     .....                    (no amulet)
Stlth  ..........               (no ring)
                                (no ring)

@: berserking, flying, very quick, not resistant to hostile enchantments,
extremely unstealthy
A: retaliatory headbutt, horns 2
a: Berserk, Burn Spellbooks, Renounce Religion


You were on level 9 of the Dungeon.
You worshipped Trog.
Trog was aware of your devotion.
You were hungry.

You visited 1 branch of the dungeon, and saw 9 of its levels.

You collected 55 gold pieces.

Inventory:

Hand Weapons
 a - a +0 hand axe
 m - the +9 long sword "Beastslayer" (weapon) {slice, rPois Int+2 Stlth+}
   (You found it on level 8 of the Dungeon)

   It inflicts extra damage upon your enemies.
   It affects your intelligence (+2).
   It protects you from poison.
   It makes you more stealthy.
Armour
 g - a +0 pair of gloves (worn)
 n - a +1 ring mail of cold resistance (worn)
Wands
 j - a wand of polymorph (9)
Scrolls
 d - a scroll of random uselessness {unknown}
 e - 2 scrolls of remove curse {unknown}
Potions
 i - a potion of haste {unknown}
 k - a potion of flight
 l - a potion of curing {unknown}
Comestibles
 b - a chunk of flesh
 c - 2 bread rations


   Skills:
 - Level 3.6 Fighting
 * Level 3.6 Long Blades
 - Level 7.1 Axes
 - Level 2.4 Armour
 - Level 2.1 Dodging


You had 5 spell levels left.
You didn't know any spells.

Dungeon Overview and Level Annotations

Branches:
Dungeon (9/15)
 Temple: D:4-7         Lair: D:8-11         Orc: D:9-12

Altars:
Qazlal


Innate Abilities, Weirdness & Mutations

You reflexively headbutt those who attack you in melee.
You have a pair of horns on your head.


Message History

Unknown command.
You slash the centaur! You headbutt the centaur.
You kill the centaur!
Trog accepts your kill.
Your Long Blades skill gained 2 levels and is now at level 3!
You have reached level 6!
Your experience leads to an increase in your attributes!
Your base attributes are Str 22, Int 4, Dex 10.
Increase (S)trength, (I)ntelligence, or (D)exterity?
You feel agile.
Things that are here:
an uncursed shortbow; 12 arrows; a centaur corpse You butcher the centaur corpse.
b - a chunk of flesh
Things that are here:
an uncursed shortbow; 12 arrows Unknown command.
You see here an arrow.
A jackal comes into view.
The jackal barks!
You see here an arrow.
The jackal bites you but does no damage.
You slash the jackal!
You kill the jackal!
Trog accepts your kill.
There is a stone staircase leading down here.
You fly downwards.
The orc hits you with a falchion.
* * * LOW HITPOINT WARNING * * *
The orc warrior hits you with a broad axe!!
* * * LOW HITPOINT WARNING * * *
There is a stone staircase leading up, spattered with blood here.
Unknown command.
A red film seems to cover your vision as you go berserk!
You feel yourself moving faster!
You feel mighty!
You are feeling hungry.
The orc barely misses you. You furiously retaliate!
You headbutt the orc!!
You kill the orc!
Trog accepts your kill.
The orc warrior hits you with a broad axe!!
You die...

## ..
###.######
#.<.......
#.........
#..o......
#.@l......
#().......
#####.####
#


You could see an orc warrior and an iguana.

Vanquished Creatures
  A centaur (D:8)
  A scorpion (D:5)
  An orc priest (D:8)
  A jelly (D:6)
  2 iguanas
  A shadow imp (D:5)
  2 worms
  2 giant geckos
  2 orcs
  3 hobgoblins
  A bat (D:1)
  A jackal (D:8)
  A jackal skeleton (D:4)
  A rat (D:3)
20 creatures vanquished.

Notes
Turn   | Place    | Note
--------------------------------------------------------------
     0 | D:1      | Implojin the Minotaur Berserker began the quest for the Orb.
     0 | D:1      | Reached XP level 1. HP: 19/19 MP: 0/0
    24 | D:2      | Reached skill level 4 in Axes
    39 | D:1      | Reached XP level 2. HP: 13/26 MP: 1/1
   150 | D:5      | Entered Level 5 of the Dungeon
   188 | D:5      | Noticed a scorpion
   194 | D:5      | Killed a scorpion
   194 | D:5      | Reached skill level 6 in Axes
   194 | D:5      | Reached XP level 3. HP: 20/31 MP: 2/2
   194 | D:5      | Reached XP level 4. HP: 25/39 MP: 3/3
   421 | D:7      | Found a stormy altar of Qazlal.
   452 | D:7      | Reached skill level 7 in Axes
   452 | D:7      | Reached XP level 5. HP: 10/45 MP: 4/4
   503 | D:8      | Got an ichor-stained long sword
   507 | D:8      | Identified the +9 long sword "Beastslayer" {slice, rPois Int+2 Stlth+} (You found it on level 8 of the Dungeon)
   518 | D:9      | Noticed an orc warrior
   526 | D:8      | Reached skill level 1 in Long Blades
   581 | D:8      | Noticed a centaur
   594 | D:8      | Killed a centaur
   594 | D:8      | Reached skill level 3 in Long Blades
   594 | D:8      | Reached XP level 6. HP: 27/51 MP: 5/5
   610 | D:9      | Mangled by an orc warrior

Action                   |  1- 3 |  4- 6 || total
-------------------------+-------+-------++-------
Melee: Hand axe          |    25 |    22 ||    47
       Long sword        |       |     4 ||     4
Invok: Berserk           |     1 |     4 ||     5
  Use: Potion            |       |     2 ||     2
  Eat: Chunk             |       |     3 ||     3

Table legend:
 A = Turns spent in this place as a percentage of turns spent in the entire game.
 B = Non-inter-level travel turns spent in this place as a percentage of non-inter-level travel turns spent in the entire game.
 C = Inter-level travel turns spent in this place as a percentage of turns spent in this place.
 D = Turns resting spent in this place as a percentage of non-inter-level travel turns spent in this place.
 E = Turns spent auto-exploring this place as a percentage of non-inter-level travel turns spent in this place.
 F = Non-inter-level travel turns spent in this place divided by the number of levels of this place that you've seen.
                   A       B       C       D       E      F
               +-------+-------+-------+-------+-------+----------------------
         Total | 100.0 | 100.0 |   0.0 |   3.2 |   0.0 |  56.0
       Dungeon | 100.0 | 100.0 |   0.0 |   3.2 |   0.0 |  56.0
               +-------+-------+-------+-------+-------+----------------------

Table legend:
 A = Kills in this place as a percentage of kills in entire the game.
 B = Kills by you in this place as a percentage of kills by you in the entire game.
 C = Kills by friends in this place as a percentage of kills by friends in the entire game.
 D = Other kills in this place as a percentage of other kills in the entire game.
 E = Experience gained in this place as a percentage of experience gained in the entire game.
 F = Experience gained in this place divided by the number of levels of this place that you have seen.
                   A       B       C       D       E      F
               +-------+-------+-------+-------+-------+----------------------
         Total | 100.0 | 100.0 |  -nan |  -nan | 100.0 |  42.7
       Dungeon | 100.0 | 100.0 |  -nan |  -nan | 100.0 |  42.7
               +-------+-------+-------+-------+-------+----------------------
